AoeStats
← Juanpiola

Arabian Desert

510045684Analyzed
1v1 RM · 4d ago on Sep 29, 2026· 18m 19s· 2 players
Game mode
Random Map
Map size
Tiny (2 player)
Population
200
Speed
Normal
Resources
Standard
Victory
Conquest
Starting age
Dark Age
Ending age
Imperial Age
RankedLock teamsTeams togetherTeam positionsShared explorationLock speedFull tech treeHidden civsTurbo modeCheats
Victory
Defeat
🇺🇾 Danes · Uruguay
831
+17
🇦🇷 Maya · Argentina
863
-17
Manuel95
5:34 Loom
10:37 Feudal Age
11:42 Double-Bit Axe
13:36 Wheelbarrow
12:23 Man-at-Arms
12:49 Arson
15:49 Horse Collar
18:09 Scale Mail Armor
Juanpiola
0:26 Loom
14:15 Feudal Age
16:38 Double-Bit Axe
Connection lost

Rejoining the realm…

Still unreachable

The connection could not be restored.

Session expired

The server has moved on; the page needs a fresh start.